 Dungeon Crawl Stone Soup version 0.29.1-15-g9cfb28693d (webtiles) character file.

Game seed: 7463797022456112181

4057 PriceMaster the Magician (level 10, -4/67 HPs)
             Began as an Octopode Earth Elementalist on Apr 14, 2023.
             Was an Initiate of Sif Muna.
             Shot with a sling bullet by Joseph (10 damage)
             ... on level 7 of the Dungeon.
             The game lasted 00:26:43 (9100 turns).

PriceMaster the Magician (OpEE)                     Turns: 9100, Time: 00:26:44

Health: -4/67      AC:  2    Str: 16    XL:     10   Next: 25%
Magic:  1/17       EV: 14    Int: 18    God:    Sif Muna [......]
Gold:   251        SH:  4    Dex: 14    Spells: 16/24 levels left

rFire   . . .      SeeInvis .   m - +4 spear (distort)
rCold   + + .      Faith    .   b - +0 buckler
rNeg    . . .      Spirit   .   (helmet restricted)
rPois   .          Reflect  .   (no amulet)
rElec   .          Harm     .   n - +6 ring of strength
rCorr   .          Rampage  .   o - ring of ice
Will    .....                   (no ring)
Stlth   ++++......              (no ring)
HPRegen 0.21/turn               (no ring)
MPRegen 0.15/turn               (no ring)
                                (no ring)
                                (no ring)

@: very slightly contaminated
A: almost no armour, amphibious, 8 rings, camouflage 1, gelatinous body 1,
(nimble swimmer 1), tentacles, cold resistance 1, fire resistance 1, low MP 2,
robust 1, shaggy fur 1, wild magic 1
a: Renounce Religion


You were on level 7 of the Dungeon.
You worshipped Sif Muna.
Sif Muna was noncommittal.
You visited 2 branches of the dungeon, and saw 8 of its levels.

You collected 311 gold pieces.
You spent 60 gold pieces at shops.

Inventory:

Hand Weapons
 c - a +0 scythe
 d - a +0 whip
 e - a +0 dagger
 h - a +0 spear
 m - a +4 spear of distortion (weapon)
Missiles
 f - a throwing net
Armour
 b - a +0 buckler (worn)
Magical Staves
 z - a staff of fire
Jewellery
 n - a +6 ring of strength (left tentacle)
 o - a ring of ice (right tentacle)
Wands
 v - a wand of flame (40)
Scrolls
 a - 3 scrolls of vulnerability
 g - a scroll of enchant armour {unknown}
 j - 3 scrolls of teleportation
 k - a scroll of silence {unknown}
 l - a scroll of amnesia {unknown}
 p - a scroll of blinking {unknown}
 s - 2 scrolls of fog {unknown}
 x - a scroll of immolation {unknown}
Potions
 q - 2 potions of lignification
 r - 3 potions of curing
 t - a potion of attraction
 u - a potion of invisibility
 A - a potion of might


   Skills:
 + Level 2.4 Fighting
 + Level 0.4 Short Blades
 + Level 5.4 Polearms
 + Level 4.1 Dodging
 + Level 6.7 Stealth
 + Level 0.9 Shields
 + Level 7.6 Spellcasting
 + Level 4.3 Conjurations
 + Level 1.7 Transmutations
 + Level 7.6 Earth Magic
 + Level 0.2 Evocations


You had 16 spell levels left.
You knew the following spells:

 Your Spells              Type           Power      Damage    Failure   Level
a - Sandblast             Erth           88%        2d18      1%          1
b - Stone Arrow           Conj/Erth      72%        3d11      6%          3
c - Petrify               Tmut/Erth      30%        N/A       28%         4

Your spell library contained the following spells:

 Spells                   Type           Power      Damage    Failure   Level
 Passwall                 Tmut/Erth      25%        N/A       5%          2
 Poisonous Vapours        Pois/Air       16%        N/A       28%         2
 Corpse Rot               Necr/Pois/Air  8%         N/A       86%         4
 Lehudib's Crystal Spear  Conj/Erth      18%        10d5      100%        8
 Animate Armour           Summ/Erth      Unusable   N/A       N/A         4

Dungeon Overview and Level Annotations

Branches:
Dungeon (7/15)             Temple (1/1) D:6

Altars:
Ashenzari
Cheibriados
Dithmenos
Elyvilon
Fedhas
Gozag
Kikubaaqudgha
Makhleb
Okawaru
Qazlal
Ru
Sif Muna
Trog
Uskayaw
Vehumet
Wu Jian
Xom
Yredelemnul
Zin
The Shining One

Shops:
D:4 (   D:7 ?

Annotations:
D:7 Joseph


Innate Abilities, Weirdness & Mutations

You cannot wear most types of armour.
You are amphibious.
You can wear up to eight rings at the same time.
Your skin changes colour to match your surroundings (Stealth+).
Your rubbery body absorbs attacks. (AC +1, EV +1)
((You are camouflaged when in or above water. (Stealth+)))
You have tentacles for arms and can constrict up to eight enemies at once.
Your flesh is cold resistant. (rC+)
Your flesh is heat resistant. (rF+)
Your magical capacity is very low. (-20% MP)
You are robust. (+10% HP)
You are covered in fur. (AC +1)
Your spells are a little harder to cast, but a little more powerful.


Message History

Casting: Stone Arrow (dangerous; 6% risk of failure)
Confirm with . or Enter, or press ? or * to list all spells.
Aiming: Stone Arrow (dangerous; 6% risk of failure)
Press: ? - help, Shift-Dir - straight line, f/p - iguana
Aim: an iguana (almost dead, 77% to hit)
You miscast Stone Arrow.
You are very lightly contaminated with residual magic.
Nothing appears to happen.
Casting: Stone Arrow (dangerous; 6% risk of failure)
Confirm with . or Enter, or press ? or * to list all spells.
You don't know that spell.
An iguana is nearby!
Unknown command.
You are too injured to fight recklessly!
Casting: Stone Arrow (dangerous; 6% risk of failure)
Confirm with . or Enter, or press ? or * to list all spells.
Aiming: Sandblast (safe; 1% risk of failure)
Press: ? - help, Shift-Dir - straight line, f/p - iguana
Aim: an iguana (almost dead, 87% to hit)
The blast of sand hits the iguana!
You kill the iguana!
Sif Muna accepts your kill.
You start resting.
Joseph is nearby!
Joseph is nearby!
Casting: Sandblast (safe; 1% risk of failure)
Confirm with . or Enter, or press ? or * to list all spells.
You don't have enough magic to cast this spell.
Unknown command.
Casting: Sandblast (safe; 1% risk of failure)
Confirm with . or Enter, or press ? or * to list all spells.
Aiming: Sandblast (safe; 1% risk of failure)
Press: ? - help, Shift-Dir - straight line, f - Joseph
Aim: Joseph, wielding a +0 sling of flaming and wearing a +0 leather armour (85% to hit)
The blast of sand hits Joseph!
Joseph is lightly wounded.
Joseph shoots a sling bullet.
The sling bullet hits you!!
* * * LOW HITPOINT WARNING * * *
The sling bullet burns you!
You die...

......# #......# #.#.###
......###......##.......
........'.........>.....
#.#######............z..
#.# #......#.....@.. #.#
##..[...#.#'#.#..
#.######.....###.#)#@#.#
#............###........
#######...†...#.@..##..#
....# #...#'#...........
###.# #...#.#.#....#####
#.# #...#.#.#....#
###.###...#.#[..##.#
.##...#..##.##..##.#######
.####.#..#...#...........#
.###.....#._.#...#.#####.#
...#..#..#...#...#.#


You could see Joseph.

Vanquished Creatures
  Pikel (D:4)
  Sigmund (D:2)
  3 yaks (D:7)
  Eustachio (D:4)
  Menkaure (D:4)
  A water moccasin (D:5)
  An orc warrior (D:6)
  2 black bears
  An ice beast (D:4)
  4 ogres
  A centaur (D:6)
  3 lemures (D:3)
  A phantom (D:5)
  A kobold brigand (D:6)
  2 scorpions
  12 wights
  3 vampire bats (D:3)
  A howler monkey (D:6)
  3 hounds
  3 orc wizards
  4 iguanas
  8 gnolls
  4 adders
  4 shadow imps
  2 worms
  2 dart slugs
  29 orcs
  3 bat skeletons (D:3)
  3 bat zombies (D:3)
  6 endoplasms
  A giant cockroach (D:4)
  A goblin (D:3)
  13 hobgoblins
  8 kobolds
  A quokka (D:2)
  5 ball pythons
  7 bats
  3 frilled lizards (D:3)
  3 rats
153 creatures vanquished.

Vanquished Creatures (others)
  10 plants (D:3)
10 creatures vanquished.

Grand Total: 163 creatures vanquished

Notes
Turn   | Place    | Note
-------+----------+-------------------------------------------
     0 | D:1      | PriceMaster the Octopode Earth Elementalist began the quest
                  | for the Orb.
     0 | D:1      | Reached XP level 1. HP: 11/11 MP: 3/3
   234 | D:1      | Reached XP level 2. HP: 17/17 MP: 0/5
   999 | D:2      | Gained mutation: Your spells are a little easier to cast,
                  | but a little less powerful. [potion of mutation]
   999 | D:2      | Gained mutation: Your flesh is cold resistant. (rC+)
                  | [potion of mutation]
  1000 | D:2      | Lost mutation: Your spells are a little easier to cast, but
                  | a little less powerful. [potion of mutation]
  1000 | D:2      | Lost mutation: Your flesh is cold resistant. (rC+) [potion
                  | of mutation]
  1000 | D:2      | Gained mutation: You are agile. (Dex +4, Str/Int -1)
                  | [potion of mutation]
  1000 | D:2      | Gained mutation: Your muscles are strong. (Str +4, Int/Dex
                  | -1) [potion of mutation]
  1000 | D:2      | Gained mutation: You sometimes lose your temper in combat.
                  | [potion of mutation]
  1000 | D:2      | Gained mutation: Your muscles are very strong. (Str +8,
                  | Int/Dex -2) [potion of mutation]
  1003 | D:2      | Reached XP level 3. HP: 21/21 MP: 3/6
  1530 | D:2      | Reached XP level 4. HP: 27/27 MP: 5/8
  1855 | D:2      | Noticed Sigmund
  1865 | D:2      | HP: 1/27 [Sigmund/+0 scythe (4)]
  1868 | D:2      | Killed Sigmund
  1869 | D:2      | Reached XP level 5. HP: 18/32 MP: 5/11
  1869 | D:2      | Reached XP level 6. HP: 21/37 MP: 5/12
  2019 | D:2      | Lost mutation: You sometimes lose your temper in combat.
                  | [potion of mutation]
  2019 | D:2      | Lost mutation: Your muscles are very strong. (Str +8,
                  | Int/Dex -2) [potion of mutation]
  2019 | D:2      | Lost mutation: Your muscles are strong. (Str +4, Int/Dex
                  | -1) [potion of mutation]
  2019 | D:2      | Gained mutation: You are strong-willed. (Will+) [potion of
                  | mutation]
  2019 | D:2      | Gained mutation: You are partially covered in iridescent
                  | scales. (AC +2) [potion of mutation]
  2019 | D:2      | Gained mutation: You expend magic power (3 MP) to
                  | strengthen your wands. [potion of mutation]
  2128 | D:2      | Learned a level 3 spell: Stone Arrow
  2146 | D:3      | Found a faded altar of an unknown god.
  2587 | D:3      | Lost mutation: You are agile. (Dex +4, Str/Int -1) [potion
                  | of mutation]
  2587 | D:3      | Lost mutation: You expend magic power (3 MP) to strengthen
                  | your wands. [potion of mutation]
  2587 | D:3      | Gained mutation: Your magical capacity is low. (-10% MP)
                  | [potion of mutation]
  2587 | D:3      | Gained mutation: Your flesh is heat resistant. (rF+)
                  | [potion of mutation]
  3026 | D:3      | Found an ancient bone altar of Kikubaaqudgha.
  3038 | D:3      | Reached skill level 1 in Polearms
  3040 | D:3      | Reached XP level 7. HP: 33/42 MP: 7/12
  3247 | D:4      | Noticed Pikel
  3752 | D:4      | Noticed Eustachio
  3803 | D:4      | Reached skill level 1 in Fighting
  3862 | D:4      | Killed Eustachio
  3863 | D:4      | Reached skill level 1 in Conjurations
  3863 | D:4      | Reached skill level 5 in Earth Magic
  3866 | D:4      | Lost mutation: You are strong-willed. (Will+) [potion of
                  | mutation]
  3866 | D:4      | Lost mutation: You are partially covered in iridescent
                  | scales. (AC +2) [potion of mutation]
  3866 | D:4      | Gained mutation: Your magical capacity is very low. (-20%
                  | MP) [potion of mutation]
  3866 | D:4      | Gained mutation: Your spells are a little harder to cast,
                  | but a little more powerful. [potion of mutation]
  3866 | D:4      | Gained mutation: Your flesh is cold resistant. (rC+)
                  | [potion of mutation]
  3866 | D:4      | Gained mutation: You have hidden genetic potential. [potion
                  | of mutation]
  3902 | D:4      | Reached skill level 5 in Stealth
  4139 | D:4      | Noticed Menkaure
  4147 | D:4      | Killed Menkaure
  4148 | D:4      | Reached skill level 5 in Spellcasting
  4148 | D:4      | Reached XP level 8. HP: 26/48 MP: 3/12
  4216 | D:4      | Killed Pikel
  4235 | D:4      | Gained mutation: You are robust. (+10% HP) [hidden
                  | potential]
  4387 | D:4      | Found Qeulan's Weapon Boutique.
  4931 | D:5      | Entered Level 5 of the Dungeon
  5271 | D:5      | Reached XP level 9. HP: 59/59 MP: 7/14
  5385 | D:5      | Found an iron altar of Okawaru.
  5722 | D:5      | Found a stormy altar of Qazlal.
  6210 | D:6      | Found an opulent altar of Gozag.
  6322 | D:6      | Gained mutation: You are covered in fur. (AC +1) [hidden
                  | potential]
  6322 | D:6      | Lost mutation: You have hidden genetic potential. [hidden
                  | potential expressed]
  6872 | D:6      | Found a staircase to the Ecumenical Temple.
  7127 | D:6      | Learned a level 4 spell: Petrify
  7396 | D:6      | Found a burning altar of Makhleb.
  7875 | Temple   | Entered the Ecumenical Temple
  7875 | Temple   | Noticed a hell beast
  7875 | Temple   | Noticed a green death
  7875 | Temple   | Noticed an Ice Fiend
  7877 | Temple   | Noticed an ice devil
  7878 | Temple   | Noticed Jeket the pandemonium lord
  7878 | Temple   | Noticed Beaxoomu the pandemonium lord
  7879 | Temple   | Noticed Sirorgh the pandemonium lord
  7879 | Temple   | Noticed Oleixuyd the pandemonium lord
  7879 | Temple   | Noticed a green death
  7940 | Temple   | Noticed Vuimidwe the pandemonium lord
  7965 | Temple   | Noticed a smoke demon
  7983 | Temple   | Noticed an Executioner
  7983 | Temple   | Noticed Sethoesu the pandemonium lord
  7985 | Temple   | Noticed an Executioner
  8059 | Temple   | Became a worshipper of Sif Muna the Loreminder
  8257 | D:7      | Found Ocluovad's Magic Scroll Boutique.
  8294 | D:7      | Bought a scroll of identify for 30 gold pieces
  8294 | D:7      | Bought a scroll of identify for 30 gold pieces
  8368 | D:7      | Found a glowing silver altar of Zin.
  8553 | D:7      | Reached skill level 5 in Polearms
  8570 | D:7      | Reached XP level 10. HP: 38/66 MP: 3/16
  8813 | D:7      | Found a radiant altar of Vehumet.
  8818 | D:7      | Found a shimmering altar of Xom.
  9079 | D:7      | Noticed Joseph
  9100 | D:7      | Shot with a sling bullet by Joseph

Illustrated notes

Levels and vault maps discovered:
D:1:      amcnicky_arrival_gap_in_the_tavern_cellar, layout_rooms
D:2:      layout_loops_cross, uniq_sigmund
D:3:      layout_loops_ring, kennysheep_vampire_church,
          ebering_ecumenical_altar_abandoned, nicolae_grassy_gnolls
D:4:      layout_basic, serial_shops, nicolae_lakefront_shop, uniq_menkaure,
          uniq_pikel, uniq_eustachio
D:5:      layout_gridville, grunt_qazlal_sundering, okawaru_ov_weapons_minmay
D:6:      layout_basic, lightli_temple_of_fire, mainiacjoe_overflow_boulevard,
          minmay_temple_entry_fiery
D:7:      layout_basic, lemuel_tele_altar, mainiacjoe_overflow_surrounded_room,
          lemuel_crystal_altar, serial_shops, shop, uniq_joseph, uniq_duvessa
Temple:   nicolae_temple_panitentiary

Skill      XL: |  1  2  3  4  5  6  7  8  9 10 |
---------------+-------------------------------+-----
Spellcasting   | 3 4 5 6 7 |  7.6
Stealth        | 3 4 5 6 |  6.7
Earth Magic    | 4 5 6 7 |  7.6
Polearms       | 1 2 3 5 |  5.4
Fighting       | 1 2 |  2.4
Dodging        | 3 4 |  4.1
Conjurations   | 1 2 4 |  4.3
Short Blades   | |  0.4
Shields        | |  0.9
Transmutations | |  1.7
Evocations     | |  0.2

Action                   |  1- 3 |  4- 6 |  7- 9 | 10-12 || total
-------------------------+-------+-------+-------+-------++-------
Melee: Unarmed           |     3 |       |       |       ||     3
       Tentacles         |     5 |     5 |    11 |     1 ||    22
       Constrict         |     3 |    12 |    17 |     1 ||    33
       Dagger            |     5 |       |       |       ||     5
       Spear             |       |    21 |   112 |    12 ||   145
       Halberd           |       |    35 |     2 |       ||    37
       Punch             |       |     2 |     3 |       ||     5
 Cast: Sandblast         |    37 |    23 |    15 |     2 ||    77
       Stone Arrow       |       |     5 |    61 |    10 ||    76
       Petrify           |       |       |     3 |     3 ||     6
Evoke: Wand              |       |       |     3 |       ||     3
  Use: Potion            |     4 |     4 |     5 |       ||    13
       Scroll            |     2 |       |    10 |       ||    12
 Stab: Sleeping          |       |     8 |     2 |       ||    10
       Petrified         |       |       |     1 |     2 ||     3
Armor: Skin              |     1 |    17 |     9 |     1 ||    28
Dodge: Dodged            |    23 |    47 |    35 |     4 ||   109
Block: Buckler           |       |       |    14 |       ||    14
